 Dungeon Crawl Stone Soup version 0.29.1-1-gd02db6906a (console) character file.

Game seed: 12842202147077161430

92581 om the Executioner (level 15, -5/126 HPs)
             Began as a Minotaur Berserker on Oct 11, 2022.
             Was a High Priest of Trog.
             Slain by a merfolk impaler
             ... wielding a +5 trident of venom
              (8 damage)
             ... on level 2 of the Shoals on Oct 18, 2022.
             The game lasted 00:52:24 (34076 turns).

om the Executioner (Minotaur Berserker)            Turns: 34076, Time: 00:52:24

Health: -5/126     AC: 34    Str: 34    XL:     15   Next: 58%
Magic:  14/14      EV:  7    Int:  4    God:    Trog [*****.]
Gold:   2252       SH:  0    Dex: 11    Spells: 14/14 levels left

rFire   . . .      SeeInvis .   a - +7 executioner's axe (vorpal)
rCold   + . .      Faith    .   (shield currently unavailable)
rNeg    . . .      Spirit   .   n - +18 Lear's hauberk
rPois   .          Reflect  .   (helmet currently unavailable)
rElec   .          Harm     .   K - +1 cloak
rCorr   .          Rampage  .   (gloves currently unavailable)
Will    +++..                   (boots currently unavailable)
Stlth   ..........              (no amulet)
HPRegen 1.31/turn               M - +6 ring of strength
MPRegen 0.14/turn               D - ring of protection from cold

@: lethally poisoned (-5 -> -22), strong-willed, held, regenerating
A: horns 2, retaliatory headbutt
a: Renounce Religion, Berserk, Trog's Hand, Brothers in Arms


You were on level 2 of the Shoals.
You worshipped Trog.
Trog was extremely pleased with you.
You visited 5 branches of the dungeon, and saw 25 of its levels.
You also visited: Gauntlet and Ice Cave.

You collected 2495 gold pieces.
You spent 243 gold pieces at shops.

Inventory:

Hand Weapons
 a - a +7 vorpal executioner's axe (weapon)
 b - a +1 battleaxe of flaming
 i - a +0 war axe of venom
 O - a -2 demon whip of venom
Missiles
 A - 5 throwing nets (quivered)
Armour
 n - the +18 Lear's hauberk (worn)
   (You found it on level 11 of the Dungeon)
 K - a +1 cloak (worn)
 Q - the +0 pair of gloves "Ucit" {rElec rC+}
   (You found it in a Gauntlet)

   rC:        It protects you from cold.
   rElec:     It insulates you from electricity.
 U - the +4 plate armour of Maetz {rCorr Str+3 Int-4}
   (You found it in a Gauntlet)

   Str:       It affects your strength (+3).
   Int:       It affects your intelligence (-4).
   rCorr:     It protects you from acid and corrosion.
Jewellery
 d - the ring "Cure" {Wiz rElec}
   (You found it on level 3 of the Lair of Beasts)

   [ring of wizardry]

   It improves your spell success rate.
   rElec:     It insulates you from electricity.
 e - a ring of see invisible
 f - a ring of ice
 l - a ring of fire
 v - a ring of positive energy
 y - the ring "Nuossaon" {Fire Str+3 SInv}
   (You found it on level 5 of the Lair of Beasts)

   [ring of fire]

   It enhances your fire magic.
   Str:       It affects your strength (+3).
   rF:        It protects you from fire.
   rC:        It makes you vulnerable to cold.
   SInv:      It lets you see invisible.
 z - a +6 ring of dexterity
 D - a ring of protection from cold (right hand)
 I - a ring of flight
 M - a +6 ring of strength (left hand)
 T - an amulet of regeneration
 X - an amulet of magic regeneration
 Y - an amulet of guardian spirit
 Z - a ring of resist corrosion
Wands
 k - a wand of flame (6)
 o - a wand of roots (17)
 w - a wand of polymorph (2)
 B - a wand of charming (20)
 S - a wand of mindburst (8)
 W - a wand of light (6)
Scrolls
 h - a scroll of summoning
 q - 4 scrolls of immolation
 s - a scroll of amnesia
 u - 2 scrolls of silence
 x - 5 scrolls of teleportation
 H - 4 scrolls of fog
 J - 4 scrolls of enchant armour
 L - 2 scrolls of identify
 N - 2 scrolls of vulnerability
Potions
 c - 8 potions of curing
 g - 3 potions of resistance
 j - a potion of invisibility
 p - 3 potions of magic
 r - a potion of cancellation
 t - 2 potions of haste
 C - 3 potions of brilliance
 E - a potion of lignification
 F - a potion of berserk rage
 G - 4 potions of flight
 P - a potion of might
Miscellaneous
 R - a tin of tremorstones (2/2)
 V - a phantom mirror


   Skills:
 - Level 10.0 Fighting
 - Level 22.3 Axes
 * Level 13.9 Ranged Weapons
 - Level 15.3 Armour
 - Level 10.0 Dodging
 - Level 7.0 Evocations


You had 14 spell levels left.
You didn't know any spells.
Your spell library was empty.

Dungeon Overview and Level Annotations

Branches:
Dungeon (15/15)            Temple (0/1) D:6            Lair (5/5) D:9
 Shoals (2/4) Lair:2        Snake (1/4) Lair:3        Slime (0/5) Lair:4
    Orc (2/2) D:12            Elf (0/3) Orc:2        Vaults (0/5) D:13
 Depths (0/4) D:15          IceCv (visited)         Gauntlet (visited)

Altars:
Fedhas
Makhleb
Trog
Uskayaw
Vehumet
Xom
Lugonu

Shops:
D:10 (   Orc:2 :[((*

Portals:
Abyss: Lair:5

Annotations:
Lair:1 exclusions: floating eye and 4 oklob plants
Shoals:1 Roxanne


Innate Abilities, Weirdness & Mutations

You have a pair of horns on your head.
You reflexively headbutt those who attack you in melee.


Message History

The merfolk hits you but does no damage.
You tear a large gash into the net.
You feel very sick.
The merfolk hits you from afar with a +0 spear.
* * * LOW HITPOINT WARNING * * *
The merfolk impaler hits you but does no damage.
You are more poisoned.
The merfolk hits you but does no damage. x2
The merfolk barely misses you.
You feel better.
The merfolk impaler hits you from afar with a +5 trident of venom.
* * * LOW HITPOINT WARNING * * *
You are poisoned.
The merfolk hits you but does no damage.
The merfolk hits you with a +0 trident.
* * * LOW HITPOINT WARNING * * *
The merfolk impaler hits you but does no damage.
The merfolk hits you but does no damage. x2
Your skin crawls.
You feel strong-willed.
You feel very sick.
The merfolk impaler hits you from afar with a +5 trident of venom.
* * * LOW HITPOINT WARNING * * *
You are more poisoned.
The merfolk closely misses you.
The merfolk hits you but does no damage.
The merfolk throws a boomerang.
The boomerang hits you but does no damage.
The merfolk hits you from afar with a +0 spear!
* * * LOW HITPOINT WARNING * * *
The merfolk impaler hits you from afar with a +5 trident of venom.
* * * LOW HITPOINT WARNING * * *
You are more poisoned.
You feel much better.
* * * LOW HITPOINT WARNING * * *
You feel extremely sick.
The merfolk hits you from afar with a +0 spear!
* * * LOW HITPOINT WARNING * * *
The merfolk impaler hits you from afar with a +5 trident of venom!
You die...

≈≈≈≈≈≈≈~~~~~~~~~
≈≈≈≈≈≈~~~~~~~~~~
≈≈≈≈≈≈~~~~~~~≈≈~
≈≈≈≈≈~~~≈≈≈~~~~~
≈≈≈≈~~~~≈≈≈≈≈≈~~
≈≈≈~~~~~≈≈≈≈≈≈≈~
≈≈≈≈~m~~≈≈≈≈≈≈≈~
~~~≈~m~@~≈≈#
~~~~~m~m~≈≈≈≈≈≈.
~~~~.m~~~~≈≈≈≈~~
~~.....~~~≈≈≈≈~~
~..###..~~≈≈≈≈~~
~. .....~~~~~~ ~
###~~~.~~~~~
#.~~~).~~≈


You could see a merfolk impaler and 4 merfolk.

Vanquished Creatures
  An orc warlord (Orc:2)
  The ghost of Kuralita the Martial Artist, a journeyman OpTm of Makhleb (D:15)
  A stone giant (D:15)
  The ghost of wingedge the Destroyer, a journeyman DgIE (Lair:5)
  A minotaur (Gauntlet)
  A merfolk impaler (Shoals:1)
  Snorg (Lair:5)
  A green death (Gauntlet)
  An ice dragon (Lair:5)
  The ghost of Jiolyugh the Geomancer, a journeyman GrEE of Qazlal (D:14)
  Fannar (Orc:1)
  A boulder beetle (D:11)
  3 two-headed ogres
  A catoblepas (Gauntlet)
  9 hydras
  5 centaur warriors
  A naga warrior (Lair:3)
  2 tengu warriors
  3 thrashing horrors (Lair:5)
  A shock serpent (Lair:3)
  Amaemon (Lair:2)
  A sea snake (Shoals:1)
  A wizard (D:13)
  Pikel (D:4)
  A deep elf zephyrmancer (D:13)
  An oklob plant (Lair:5)
  3 deep elf pyromancers
  6 orc knights
  3 fauns (Shoals:1)
  6 cyclopes
  A moth of wrath (Gauntlet)
  4 manticores
  5 orc sorcerers (Orc:2)
  14 ugly things
  6 elephants
  2 ice statues (IceCv)
  5 black mambas
  A torpor snail (Lair:4)
  2 smoke demons (Lair:5)
  A naga mage (Snake:1)
  An orange demon (Lair:2)
  2 unseen horrors
  A minotaur zombie (Gauntlet)
  5 gargoyles
  A kobold demonologist (D:9)
  A rime drake (Lair:5)
  11 cane toads
  5 komodo dragons
  3 tengu conjurers
  A polar bear (shapeshifter) (Lair:5)
  A freezing wraith (IceCv)
  12 trolls
  3 ancient zymes (Lair:5)
  5 merfolk (Shoals:1)
  3 meliai (D:15)
  6 polar bears
  8 slime creatures
  2 wind drakes (Shoals:1)
  13 blink frogs
  A snapping turtle (Lair:2)
  9 dream sheep
  3 centaur simulacra
  3 ynoxinuls (Lair:5)
  2 water elementals
  Sigmund (D:2)
  A shadow (D:12)
  33 yaks
  3 wyverns
  4 wraiths
  The ghost of Zeld the Chopper, an amateur MiBe of Trog (D:4)
  5 large abominations
  4 vampire mosquitoes (D:12)
  12 basilisks
  A death yak simulacrum (IceCv)
  A chaos spawn (Lair:5)
  4 wargs
  15 small abominations
  2 nagas
  8 water moccasins
  6 ice beasts
  2 sky beasts
  27 orc warriors
  10 ogres
  23 wolves
  The ghost of valliere the Slasher, an amateur DsGl of Makhleb (D:3)
  A phantom (D:6)
  3 centaurs
  4 lemures (D:4)
  Blork the orc (D:6)
  A necrophage (D:6)
  7 kobold brigands
  15 bullfrogs
  A gnoll sergeant (D:12)
  A scorpion (D:5)
  13 wights
  3 howler monkeys
  4 electric eels
  3 quasits (D:6)
  3 hounds
  3 jellies
  8 orc priests
  Jessica (D:3)
  A gnoll bouda (D:7)
  3 iguanas
  19 orc wizards
  A polar bear simulacrum (IceCv)
  A wolf simulacrum (IceCv)
  9 gnolls
  8 adders
  6 shadow imps (D:6)
  7 ufetubi
  3 worms
  70 orcs
  5 ball pythons
  7 endoplasms
  2 giant cockroaches (D:3)
  5 hobgoblins
  3 jackals (D:1)
  4 quokkas
  4 bats
  5 frilled lizards
  11 goblins
  60 kobolds
  24 rats
698 creatures vanquished.

Vanquished Creatures (collateral kills)
  A dart slug (D:3)
1 creature vanquished.

Vanquished Creatures (others)
  A polar bear (Lair:5)
  A shadow imp (D:6)
  10 demonic plants (D:6)
  34 fungi
  56 plants
102 creatures vanquished.

Grand Total: 801 creatures vanquished

Notes
Turn   | Place    | Note
-------+----------+-------------------------------------------
     0 | D:1      | om the Minotaur Berserker began the quest for the Orb.
     0 | D:1      | Reached XP level 1. HP: 19/19 MP: 0/0
   472 | D:1      | Found a faded altar of an unknown god.
   595 | D:1      | Reached XP level 2. HP: 23/27 MP: 1/1
   770 | D:1      | Reached skill level 4 in Axes
  1075 | D:1      | Reached XP level 3. HP: 33/33 MP: 2/2
  1242 | D:2      | Found a hide-covered altar of Uskayaw.
  1256 | D:2      | Reached ** piety under Trog
  1360 | D:2      | Noticed Sigmund
  1369 | D:2      | Killed Sigmund
  1370 | D:2      | Reached skill level 5 in Axes
  1370 | D:2      | Reached XP level 4. HP: 39/40 MP: 3/3
  1370 | D:2      | Reached XP level 5. HP: 45/46 MP: 4/4
  1747 | D:2      | Reached skill level 6 in Axes
  2225 | D:3      | Found a large runed translucent door.
  2226 | D:3      | Found a large runed translucent door.
  2247 | D:3      | Noticed valliere's ghost (amateur DsGl)
  2269 | D:3      | Killed valliere's ghost
  2270 | D:3      | Reached XP level 6. HP: 25/52 MP: 5/5
  2349 | D:3      | Found a burning altar of Makhleb.
  2767 | D:3      | Noticed Jessica
  2777 | D:3      | Killed Jessica
  3139 | D:4      | Reached skill level 7 in Axes
  3139 | D:4      | Reached skill level 5 in Armour
  3139 | D:4      | Reached XP level 7. HP: 43/59 MP: 6/6
  3263 | D:4      | Noticed Pikel
  3282 | D:4      | Killed Pikel
  3283 | D:4      | Reached skill level 8 in Axes
  3283 | D:4      | Reached skill level 5 in Dodging
  3283 | D:4      | Reached skill level 9 in Axes
  3283 | D:4      | Reached XP level 8. HP: 41/66 MP: 7/7
  3634 | D:4      | Reached *** piety under Trog
  3798 | D:4      | Reached skill level 10 in Axes
  4047 | D:4      | Found a runed translucent door.
  4047 | D:4      | Noticed Zeld's ghost (amateur MiBe)
  4063 | D:4      | Killed Zeld's ghost
  4385 | D:5      | Entered Level 5 of the Dungeon
  4394 | D:5      | Reached skill level 11 in Axes
  4492 | D:5      | Reached skill level 12 in Axes
  4905 | D:5      | Reached skill level 5 in Fighting
  4959 | D:5      | Reached **** piety under Trog
  5166 | D:6      | Reached XP level 9. HP: 74/74 MP: 8/8
  5224 | D:6      | Reached skill level 1 in Evocations
  5837 | D:6      | Found a staircase to the Ecumenical Temple.
  6017 | D:6      | Reached ***** piety under Trog
  6019 | D:6      | Noticed Blork the orc
  6029 | D:6      | Killed Blork the orc
  6991 | D:7      | Identified the +7 spear "Xysov" {vorpal, rPois rC+ Int+4}
  7043 | D:7      | Reached skill level 5 in Evocations
  7300 | D:7      | Identified the +1 leather armour of the Charred God {Contam
                  | rC+ rN+ SInv}
  7534 | D:8      | Reached skill level 13 in Axes
  7720 | D:8      | Reached XP level 10. HP: 62/81 MP: 9/9
  7932 | D:8      | Noticed Maggie
  7933 | D:8      | Noticed Maggie
  7933 | D:8      | Maggie changed into Maggie the warg
  7953 | D:8      | Killed Maggie the warg
  8956 | D:9      | Found a staircase to the Lair.
  8981 | D:9      | Reached skill level 14 in Axes
  9211 | D:9      | Received a gift from Trog
  9480 | D:10     | Entered Level 10 of the Dungeon
  9564 | D:10     | Reached skill level 10 in Armour
  9910 | D:10     | Found Micot Otokk's Antique Weapon Shop.
 10570 | D:11     | Reached skill level 15 in Axes
 10760 | D:11     | Noticed a tengu warrior
 10781 | D:11     | Killed a tengu warrior
 11098 | D:11     | Found the +18 Lear's hauberk
 11252 | D:11     | Noticed a cyclops
 11261 | D:11     | Killed a cyclops
 11262 | D:11     | Reached XP level 11. HP: 86/92 MP: 10/10
 11300 | D:11     | Noticed a boulder beetle
 11317 | D:11     | Killed a boulder beetle
 11889 | D:11     | Noticed a seven-headed hydra
 12470 | D:12     | Found a staircase to the Orcish Mines.
 12595 | D:12     | Reached skill level 16 in Axes
 13057 | D:12     | Noticed a deep elf pyromancer
 13061 | D:12     | Reached skill level 17 in Axes
 13068 | D:12     | Killed a deep elf pyromancer
 13584 | D:12     | Reached skill level 18 in Axes
 14096 | D:12     | Noticed a two-headed ogre
 14105 | D:12     | Killed a two-headed ogre
 14540 | D:13     | Reached XP level 12. HP: 82/100 MP: 11/11
 14660 | D:13     | Noticed an eight-headed hydra
 14670 | D:13     | Killed an eight-headed hydra
 14697 | D:13     | Reached skill level 19 in Axes
 14816 | D:13     | Found a gate leading to a gauntlet.
 14840 | Gauntlet | Entered a Gauntlet
 14840 | Gauntlet | Noticed a catoblepas
 14840 | Gauntlet | Found a transporter.
 14850 | Gauntlet | Found a transporter.
 14853 | Gauntlet | Found a transporter.
 14854 | Gauntlet | Found a transporter.
 14862 | Gauntlet | Found a transporter.
 14865 | Gauntlet | Found a transporter.
 14866 | Gauntlet | Found a transporter.
 14878 | Gauntlet | Found a transporter.
 14878 | Gauntlet | Noticed a tengu warrior
 14879 | Gauntlet | Found a transporter.
 14879 | Gauntlet | Found a transporter.
 14891 | Gauntlet | Found a transporter.
 14891 | Gauntlet | Found a transporter.
 14892 | Gauntlet | Found a transporter.
 14894 | Gauntlet | Noticed a green death
 14898 | Gauntlet | Found a runed translucent gate.
 14898 | Gauntlet | Found a runed translucent gate.
 14898 | Gauntlet | Found a runed translucent gate.
 14900 | Gauntlet | Found a transporter.
 15124 | Gauntlet | Killed a catoblepas
 15239 | Gauntlet | Killed a tengu warrior
 15532 | Gauntlet | Reached skill level 20 in Axes
 15642 | Gauntlet | Identified the +0 pair of gloves "Ucit" {rElec rC+}
 15672 | Gauntlet | Killed a green death
 15722 | Gauntlet | Noticed a minotaur
 15735 | Gauntlet | Killed a minotaur
 15739 | Gauntlet | Identified the +4 plate armour of Maetz {rCorr Str+3 Int-4}
 16381 | D:13     | Noticed a two-headed ogre
 16393 | D:13     | Killed a two-headed ogre
 16394 | D:13     | Reached skill level 21 in Axes
 16413 | D:13     | Found a gate to the Vaults.
 17087 | Lair:1   | Entered Level 1 of the Lair of Beasts
 17389 | D:9      | Reached XP level 13. HP: 104/108 MP: 12/12
 17911 | Lair:1   | Paralysed by a floating eye for 3 turns
 17919 | Lair:1   | Paralysed by a floating eye for 2 turns
 18021 | Lair:1   | Paralysed by a floating eye for 2 turns
 18025 | Lair:1   | Paralysed by a floating eye for 2 turns
 18031 | Lair:1   | Paralysed by a floating eye for 4 turns
 18632 | Lair:1   | Paralysed by a floating eye for 2 turns
 18970 | Lair:2   | Noticed Amaemon
 18983 | Lair:2   | Killed Amaemon
 19580 | Lair:2   | Found a staircase to the Shoals.
 19985 | Orc:1    | Entered Level 1 of the Orcish Mines
 20116 | Orc:2    | Entered Level 2 of the Orcish Mines
 20116 | Orc:2    | Found Foajuaho's General Store.
 20501 | Orc:2    | Bought a scroll of identify for 26 gold pieces
 20508 | Orc:2    | Found a shimmering altar of Xom.
 20588 | Orc:2    | Noticed an orc warlord
 20619 | Orc:2    | Killed an orc warlord
 20620 | Orc:2    | Reached skill level 10 in Fighting
 20839 | Orc:2    | Paralysed by an orc sorcerer for 5 turns
 21455 | Orc:2    | Received a gift from Trog
 21778 | Orc:2    | Found Ligex's Antique Armour Emporium.
 22354 | Orc:1    | Noticed Fannar
 22378 | Orc:1    | Killed Fannar
 22581 | Orc:1    | Reached XP level 14. HP: 121/121 MP: 13/13
 22744 | Orc:2    | Bought an embroidered hat for 217 gold pieces
 22784 | Orc:2    | Found Jeshezunu's Antique Weapon Shop.
 22848 | Orc:2    | Found Egasaw's Book Shop.
 22989 | Orc:2    | Found Icuttitu's Weapon Shop.
 22992 | Orc:2    | Found a staircase to the Elven Halls.
 23693 | D:14     | Found a bloodstained altar of Trog.
 24310 | D:14     | Found a large runed translucent door.
 24311 | D:14     | Found a large runed translucent door.
 24312 | D:14     | Noticed Jiolyugh's ghost (journeyman GrEE)
 24333 | D:14     | Killed Jiolyugh's ghost
 24515 | D:15     | Entered Level 15 of the Dungeon
 25176 | D:15     | Found a staircase to the Depths.
 25176 | D:15     | Noticed a stone giant
 25309 | D:15     | Killed a stone giant
 25311 | D:15     | Reached skill level 10 in Dodging
 25491 | D:15     | Found a radiant altar of Vehumet.
 25833 | D:15     | Reached skill level 22 in Axes
 26205 | D:15     | Found a large runed translucent door.
 26206 | D:15     | Found a large runed translucent door.
 26208 | D:15     | Noticed Kuralita's ghost (journeyman OpTm)
 26258 | D:15     | Killed Kuralita's ghost
 26495 | Lair:3   | Identified the +1 scale mail of Loriyr {rPois rC- Int+4
                  | Slay+4}
 26637 | Lair:3   | Identified the ring "Cure" {Wiz rElec}
 26672 | Lair:3   | Received a gift from Trog
 27005 | Lair:3   | Identified a scroll of acquirement
 27121 | D:10     | Acquired a manual of Ranged Weapons
 27320 | Lair:3   | Found a staircase to the Snake Pit.
 27457 | Lair:3   | Reached skill level 1 in Ranged Weapons
 28158 | Lair:4   | Reached skill level 5 in Ranged Weapons
 29143 | Lair:4   | Found a blossoming altar of Fedhas.
 29182 | Lair:4   | Found a staircase to the Slime Pits.
 29241 | Lair:5   | Entered Level 5 of the Lair of Beasts
 29452 | Lair:5   | Found a frozen archway.
 29474 | Lair:5   | Reached XP level 15. HP: 107/126 MP: 14/14
 29483 | IceCv    | Entered an ice cave
 29539 | IceCv    | Found a transporter.
 29558 | IceCv    | Found a transporter.
 29704 | IceCv    | Identified the +2 scimitar "Evadwih" {flame, Dex+4}
 29804 | Lair:5   | Noticed Snorg
 29816 | Lair:5   | Killed Snorg
 30333 | Lair:5   | Reached skill level 10 in Ranged Weapons
 30473 | Lair:5   | Found a runed translucent door.
 30476 | Lair:5   | Noticed wingedge's ghost (journeyman DgIE)
 30616 | Lair:5   | Reached skill level 15 in Armour
 30630 | Lair:5   | Received a gift from Trog
 30945 | Lair:5   | Identified the ring "Nuossaon" {Fire Str+3 SInv}
 31165 | Lair:5   | Found a corrupted altar of Lugonu.
 31165 | Lair:5   | Found a one-way gate to the infinite horrors of the Abyss.
 31591 | Lair:5   | Killed wingedge's ghost
 31817 | Snake:1  | Entered Level 1 of the Snake Pit
 31846 | Lair:3   | HP: 6/189 [shock serpent/electric aura (4)]
 32567 | Shoals:1 | Entered Level 1 of the Shoals
 33512 | Shoals:1 | Received a gift from Trog
 33870 | Shoals:1 | Identified Roxanne's Cyclopedia of Terra Firma
 33870 | Shoals:1 | Noticed Roxanne
 34075 | Shoals:2 | HP: 1/126 [merfolk impaler/+5 trident of venom (6)]
 34076 | Shoals:2 | Slain by a merfolk impaler

Illustrated notes

Levels and vault maps discovered:
D:1:      pf_arrival_petrified_forest, layout_loops_ring,
          hellmonk_ecumenical_altar_lost_god
D:2:      layout_basic, basic_altar, uniq_sigmund
D:3:      layout_basic, lemuel_doored_altar, serial_curves, eino_curves_02,
          eino_curves_02, ebering_ghost_disaster_area, uniq_jessica
D:4:      layout_basic, ebering_ghost_inner_flame, skrybe_limestone_x,
          st_stairs_12, minmay_rat_hole, uniq_pikel
D:5:      layout_rooms
D:6:      kennysheep_kobold_camp, layout_basic, minmay_temple_entry_offerings,
          serial_demonic, serial_demonic_g, serial_demonic_f, serial_demonic_a,
          serial_demonic_f, serial_demonic_d, serial_demonic_d,
          serial_demonic_f, lexackson_kobold_supper, uniq_blork_the_orc
D:7:      layout_cave_pools, serial_column_ruins, column_ruins_corridor_corner,
          column_ruins_open_small, column_ruins_corridor_corner
D:8:      layout_rooms, uniq_maggie
D:9:      layout_big_octagon, lair_entry_dummy
D:10:     layout_irregular_city, serial_column_ruins, column_ruins_grid_1,
          column_ruins_open_tiny, column_ruins_columns_straight,
          column_ruins_columns_dead_end, column_ruins_columns_corner,
          column_ruins_columns_corner, serial_shops, shop_fountains
D:11:     layout_gridville, hellmonk_guarded_unrand_lears
D:12:     layout_irregular_city, orc_david_3, kennysheep_minor_cross
D:13:     layout_cave_pods, david_vaults_1, gauntlet_entry_generic
D:14:     layout_loops_cross, minivault_26, ebering_ghost_disaster_area,
          trog_ov_bears_minmay
D:15:     grunt_enter_depths_giant_problem, layout_loops_ring,
          hangedman_decor_riveting, ebering_ghost_disaster_area,
          nicolae_vehumet_radiance
Lair:1:   layout_long_grid, disabler_island, grunt_megastairs_1
Lair:2:   layout_loops_ring, elwin_shoals_entry_rooms, serial_bayou_shore_b,
          serial_bayou_shore_a, grunt_megastairs_3, uniq_amaemon
Lair:3:   layout_regular_city, guppyfry_snake_entry_garden
Lair:4:   layout_gridlike, dpeg_slime_entry_enclosed, basic_altar,
          serial_bayou_shore_b, grunt_megastairs_5
Lair:5:   hellmonk_lair_end_abyssal_woods, layout_gridlike,
          hellmonk_ghost_happy_afterlife,
          portal_ice_cave_entry_animals_and_master, kennysheep_basilisk_garden,
          lemuel_fruit_tree, uniq_snorg
Shoals:1: layout_shoals, uniq_roxanne
Shoals:2: layout_shoals, ebering_ghost_disaster_area,
          nicolae_shoals_water_booths
Snake:1:  layout_rooms, serial_nicolae_subway, nicolae_sub_station_stone,
          nicolae_sub_station_metal, nicolae_sub_station_crystal, uniq_asterion
Orc:1:    layout_caves, uniq_fannar
Orc:2:    grunt_orc_gardens, layout_diamond_mine, grunt_orc_garden,
          grunt_orc_garden, grunt_orc_garden, grunt_orc_garden, serial_shops,
          nicolae_shop_waterfront, basic_altar

Skill      XL: |  1  2  3  4  5  6  7  8  9 10 11 12 13 14 15 |
---------------+----------------------------------------------+-----
Axes           | 4 5 6 7 9 12 13 15 18 21 22 | 22.3
Fighting       | 4 5 7 8 10 | 10.0
Armour         | 4 5 7 10 12 14 15 | 15.3
Dodging        | 3 4 5 9 10 | 10.0
Evocations     | 5 7 |  7.0
Ranged Weapons | 8 13 | 13.9

Action                   |  1- 3 |  4- 6 |  7- 9 | 10-12 | 13-15 || total
-------------------------+-------+-------+-------+-------+-------++-------
Melee: Hand axe          |    67 |    77 |       |       |       ||   144
       Headbutt          |     7 |     8 |    55 |   114 |   192 ||   376
       Punch             |       |     1 |     2 |     8 |     6 ||    17
       War axe           |       |     1 |   326 |   525 |   356 ||  1208
       Dire flail        |       |       |       |    12 |    48 ||    60
       Executioner's axe |       |       |       |       |   498 ||   498
Invok: Berserk           |     1 |     1 |     5 |    11 |    20 ||    38
       Trog's Hand       |       |       |       |     1 |     3 ||     4
Evoke: Wand              |       |       |       |     3 |    13 ||    16
  Use: Scroll            |     2 |     6 |     7 |     6 |    12 ||    33
       Potion            |     1 |     1 |     1 |     6 |     6 ||    15
Armor: Animal skin       |     9 |       |       |       |       ||     9
       Ring mail         |    17 |    45 |   126 |    30 |       ||   218
       Fire dragon scale |       |       |       |    43 |       ||    43
       Chain mail        |       |       |       |   256 |   788 ||  1044
Dodge: Dodged            |    43 |    54 |   173 |   273 |   529 ||  1072
